 Dungeon Crawl Stone Soup version 0.20-a0-848-g73d9be0 (webtiles) character file.

290 Alarkh the Skirmisher (level 6, 16/48 HPs)
             Began as a Demonspawn Fighter on Mar 9, 2017.
             Quit the game on level 4 of the Dungeon.
             The game lasted 00:02:57 (3377 turns).

Alarkh the Skirmisher (Demonspawn Fighter)          Turns: 3377, Time: 00:02:58

Health: 16/48      AC:  8    Str: 17    XL:     6   Next: 9%
Magic:  6/6        EV:  7    Int: 11    God:
Gold:   99         SH:  9    Dex: 12    Spells: 5/5 levels left

rFire    x . .     SeeInvis .   b - +2 short sword (drain)
rCold    + . .     Gourm    .   n - +0 scale mail
rNeg     . . .     Faith    .   c - +0 shield
rPois    .         Spirit   .   (no helmet)
rElec    .         Reflect  .   (no cloak)
rCorr    .         Harm     .   (no gloves)
MR       .....                  (no boots)
Stlth    ..........             (no amulet)
Regen    0.2/turn               (no ring)
MPRegen  0.1/turn               s - ring of ice

@: no status effects
A: hooves 2, slimy green scales 1, powered by death 1
a: no special abilities


You were on level 4 of the Dungeon.
You were not hungry.

You visited 1 branch of the dungeon, and saw 4 of its levels.

You collected 99 gold pieces.

Inventory:

Hand Weapons
 a - a +0 long sword
 b - a +2 short sword of draining (weapon)
Armour
 c - a +0 shield (worn)
 n - a +0 scale mail (worn)
Magical Staves
 w - an uncursed staff of wizardry
Jewellery
 s - a ring of ice (left hand)
Scrolls
 e - a scroll of identify
 h - a scroll of fear {unknown}
 i - 2 scrolls of recharging {unknown}
 l - a scroll of magic mapping {unknown}
 t - a scroll of enchant armour {unknown}
 v - a scroll of fog {unknown}
Potions
 g - a potion of curing
 k - 2 potions of agility
 o - a potion of magic
 q - 2 potions of resistance
 r - a potion of haste {unknown}
 u - a potion of heal wounds {unknown}
Books
 x - a book of Cantrips

   Spells                             Type                      Level
   a - Confusing Touch                Hexes                        1
   b - Animate Skeleton               Necromancy                   1
   c - Summon Small Mammal            Summoning                    1
   d - Apportation                    Translocation                1
Comestibles
 d - 3 chunks of flesh
 f - 4 bread rations
 j - 2 royal jellies
 m - 12 fruits
 p - 2 meat rations


   Skills:
 + Level 4.1 Fighting
 * Level 3.8 Long Blades
 + Level 3.2 Armour
 + Level 1.5 Dodging
 + Level 3.5 Shields


You had 5 spell levels left.
You didn't know any spells.

Dungeon Overview and Level Annotations

Branches:
Dungeon (4/15)
 Temple: D:4-7

Altars:
Cheibriados
Gozag
Uskayaw


Innate Abilities, Weirdness & Mutations

You have hoof-like feet.
You are partially covered in slimy green scales. (AC +2)
You regenerate a little health from kills.


Message History

The orc is lightly wounded.
The orc hits you but does no damage.
You closely miss the orc. You kick the orc, but do no damage.
The orc is lightly wounded.
The orc hits you but does no damage.
You barely miss the orc. Your kick misses the orc.
The orc is lightly wounded.
The orc barely misses you.
You closely miss the orc. You kick the orc, but do no damage.
The orc hits you but does no damage.
You closely miss the orc. You block the orc's attack.
You closely miss the orc. You block the orc's attack.
You closely miss the orc. The orc hits you but does no damage.
You hit the orc. You drain the orc!
You kill the orc!
Items here: )) †† a club; a dagger; an orc corpse x2
Items here: )) [[ a dagger of flaming; a ring mail; a trident; a leather armour Are you sure you want to abandon this character and quit the game? (Confirm with "yes".)

#.........##......##.#
#.#####...##...##.##.##
......................#
...##..........#......#
.............#.#......#
...............#......#
..)......###.#.##'#####
#..##.##.###...##.#####.#
................@........
##.............##)#####..
####..##.#.###.##.# #
#..##.#.## #.# .
#..##..... ..# #
#......... ...# #
#..####.## ....# # #..#
#.#..# # ..... .....#


There were no monsters in sight!

Vanquished Creatures
  A hound (D:4)
  An orc priest (D:4)
  An orc wizard (D:3)
  Terence (D:3)
  3 gnolls (D:2)
  5 adders (D:2)
  2 worms (D:2)
  A dart slug (D:1)
  3 leopard geckos
  10 orcs
  5 bats
  4 giant cockroaches
  5 goblins
  8 hobgoblins
  9 jackals
  9 kobolds
  2 quokkas
  A ball python (D:2)
  3 frilled lizards (D:1)
  A jackal skeleton (D:3)
  9 rats
84 creatures vanquished.

Notes
Turn   | Place    | Note
-------+----------+-------------------------------------------
     0 | D:1      | Alarkh the Demonspawn Fighter began the quest for the Orb.
     0 | D:1      | Reached XP level 1. HP: 18/18 MP: 1/1
   341 | D:1      | Gained mutation: You regenerate a little health from kills. [demonic ancestry]
   341 | D:1      | Reached XP level 2. HP: 24/24 MP: 2/2
   974 | D:1      | Gained mutation: You have large cloven feet. [demonic ancestry]
   974 | D:1      | Reached XP level 3. HP: 29/29 MP: 3/3
  1096 | D:2      | Found a snail-covered altar of Cheibriados.
  1137 | D:2      | HP: 1/29 [gnoll/halberd (8)]
  1584 | D:2      | Found a hide-covered altar of Uskayaw.
  1639 | D:2      | Gained mutation: You are partially covered in slimy green scales. (AC +2) [demonic ancestry]
  1639 | D:2      | Reached XP level 4. HP: 36/36 MP: 4/4
  1756 | D:2      | Reached skill level 1 in Dodging
  2399 | D:3      | Reached XP level 5. HP: 42/42 MP: 5/5
  3006 | D:3      | Noticed Terence
  3018 | D:3      | Killed Terence
  3018 | D:3      | Reached skill level 4 in Fighting
  3286 | D:4      | Found an opulent altar of Gozag.
  3354 | D:4      | Gained mutation: You have hoof-like feet. [demonic ancestry]
  3354 | D:4      | Reached XP level 6. HP: 26/48 MP: 6/6
  3377 | D:4      | Quit the game

Vault maps used:
D:1:      evilmike_arrival_hilbert_curve, minmay_misc_feat_square,
          hangedman_abyss_or_decor_lesser_grid
D:2:      eat_drink_and_be_merry_uskayaw, cheibriados_altar_1,
          minmay_misc_feat_doors, kennysheep_generic_room_5
D:3:      uniq_terence
D:4:      minitemple, nicolae_gozag_cash_rules_everything_around_me,
          uniq_eustachio

Skill      XL: |  1  2  3  4  5 |
---------------+----------------+-----
Long Blades    | 2 3 |  3.8
Shields        | 3 |  3.5
Dodging        | 1 |  1.5
Armour         | 3 |  3.2
Fighting       | 4 |  4.1

Action                   |  1- 3 |  4- 6 || total
-------------------------+-------+-------++-------
Melee: Long sword        |    80 |       ||    80
       Short sword       |    26 |   191 ||   217
       Kick              |     4 |    39 ||    43
  Use: Potion            |     1 |       ||     1
       Scroll            |       |     4 ||     4
  Eat: Chunk             |     2 |     6 ||     8
Armor: Scale mail        |    45 |    86 ||   131
Dodge: Dodged            |    38 |    70 ||   108
Block: Shield            |    47 |    86 ||   133
       Rpst.: Long sword |    10 |       ||    10
